 Dungeon Crawl Stone Soup version 0.32-a0-422-g28b100f618 (webtiles) character file.

Game seed: 2911712963174978349

75 Boltbender the Sneak (level 4, 0/38 HPs)
             Began as a Naga Necromancer on Feb 21, 2024.
             Slain by a gnoll
             ... wielding a +0 flail
              (9 damage)
             ... on level 2 of the Dungeon.
             The game lasted 00:01:42 (1368 turns).

Boltbender the Sneak (Naga Necromancer)             Turns: 1368, Time: 00:01:43

Health: 0/38       AC:  2    Str: 11    XL:     4   Next: 31%
Magic:  4/7        EV: 10    Int: 17    God:
Gold:   74         SH:  0    Dex: 11    Spells: 7/8 levels left

rFire   . . .        d - +0 dagger (freeze)
rCold   . . .        (no shield)
rNeg    . . .        a - +0 robe
rPois   +            (no helmet)
rElec   .            (no cloak)
rCorr   .            (no gloves)
SInv    +            (no barding)
Will    .....        (no amulet)
Stlth   ++           (no ring)
HPRegen 0.26/turn    (no ring)
MPRegen 0.10/turn

%: no passive effects
@: short of breath, very slightly contaminated, very slow
A: AC +1, large, see invisible, deformed body, poison resistance, slowness 2,
spit poison 1, naga tail 1
a: Spit Poison


You were on level 2 of the Dungeon.
You visited 1 branch of the dungeon, and saw 2 of its levels.

You collected 74 gold pieces.

Inventory:

Hand Weapons
 d - a +0 dagger of freezing (weapon)
Armour
 a - a +0 robe (worn)
Jewellery
 i - a +6 ring of strength
Talismans
 k - a talisman of death
Scrolls
 f - a scroll of poison {unknown}
 g - 3 scrolls of identify {unknown}
Potions
 c - a potion of haste {unknown}
 e - a potion of heal wounds {unknown}
 h - a potion of curing {unknown}
 j - a potion of invisibility {unknown}


   Skills:
 + Level 1.6 Fighting
 + Level 2.2 Dodging
 + Level 4.3 Stealth
 + Level 2.6 Spellcasting
 - Level 4.0 Necromancy


You had 7 spell levels left.
You knew the following spells:

 Your Spells              Type           Power      Damage    Failure   Level
a - Necrotise             Necr           60%        1d7       3%          1

Your spell library contained the following spells:

 Spells                   Type           Power      Damage    Failure   Level
 Vampiric Draining        Necr           15%        2d7       11%         3
 Animate Dead             Necr           15%        N/A       34%         4
 Curse of Agony           Necr           15%        N/A       67%         5


Dungeon Overview and Level Annotations

Branches:
Dungeon (2/15)

Altars:

Shops:
D:1 [


Innate Abilities, Weirdness & Mutations

Your serpentine skin is tough. (AC +1)
You have supernaturally acute eyesight. (SInv)
Armour fits poorly on your strangely shaped body.
Your system is resistant to poisons. (rPois)
You cover ground very slowly.
You can spit poison.
You have a snake-like lower body.


Message History

Confirm with . or Enter, or press ? or * to list all spells.
Aiming: Necrotise (safe; 3% risk of failure)
Press: ? - help, Shift-Dir - straight line, f/p - jackal
Aim: a jackal (chance to affect: 85%)
You miscast Necrotise.
You are very lightly contaminated with residual magic.
Nothing appears to happen.
The jackal barely misses you.
The goblin hits your gnoll skeleton with a +0 club.
Your jackal skeleton bites the gnoll but does no damage.
Casting: Necrotise (safe; 3% risk of failure)
Confirm with . or Enter, or press ? or * to list all spells.
Aiming: Necrotise (safe; 3% risk of failure)
Press: ? - help, Shift-Dir - straight line, f/p - jackal
Aim: a jackal (chance to affect: 85%)
The jackal writhes in agony.
You kill the jackal!
The dead are walking!
The goblin hits your gnoll skeleton with a +0 club.
Your gnoll skeleton closely misses the gnoll.
Your jackal skeleton bites the gnoll but does no damage.
Okay, then.
Aiming: Spit Poison (1% risk of failure)
Press: ? - help, Shift-Dir - straight line, f - gnoll
Aim: a gnoll, wielding a +0 flail (ally target, 65% to hit)
The splash of poison hits the gnoll!
The gnoll is poisoned.
The gnoll is heavily wounded.
The gnoll hits you with a +0 flail.
* * * LOW HITPOINT WARNING * * *
The goblin hits your gnoll skeleton with a +0 club.
Your jackal skeleton barely misses the gnoll.
Your gnoll skeleton hits the gnoll.
Your jackal skeleton barely misses the gnoll.
Casting: Necrotise (safe; 3% risk of failure)
Confirm with . or Enter, or press ? or * to list all spells.
Aiming: Necrotise (safe; 3% risk of failure)
Press: ? - help, Shift-Dir - straight line, f/p - gnoll
Aim: a gnoll, wielding a +0 flail (severely wounded, poisoned, ally target, chance to affect: 79%)
The gnoll writhes in agony.
Your jackal skeleton bites the gnoll.
The gnoll hits you with a +0 flail!
You die...

#### #####.... ##########
#........
###........#######.Z......
...............†@ggZ......
...........#######gg).....
##.........# #.Z......
#.........# #........
##.........# #####....
...........# ...
....)......## ..
.........)..# .
............#


You could see 3 gnolls, a goblin, 2 friendly jackal skeletons and a friendly
gnoll skeleton.

Vanquished Creatures
  A gnoll (D:2)
  2 dart slugs (D:1)
  A ribbon worm (D:2)
  2 endoplasms (D:1)
  5 giant cockroaches
  5 goblins
  3 hobgoblins
  2 jackals (D:2)
  2 quokkas (D:1)
  4 bats (D:1)
  2 frilled lizards (D:1)
  4 rats
33 creatures vanquished.

Notes
Turn   | Place    | Note
-------+----------+-------------------------------------------
     0 | D:1      | Boltbender the Naga Necromancer began the quest for the
                  | Orb.
     0 | D:1      | Reached XP level 1. HP: 15/15 MP: 3/3
   104 | D:1      | Reached XP level 2. HP: 24/24 MP: 1/5
   186 | D:1      | Found Xeosch's Antique Armour Shop.
   493 | D:1      | Reached skill level 1 in Fighting
   493 | D:1      | Reached XP level 3. HP: 31/31 MP: 4/6
  1271 | D:2      | Reached XP level 4. HP: 30/38 MP: 5/7
  1368 | D:2      | Slain by a gnoll

Illustrated notes

Levels and vault maps discovered:
D:1:      mainiacjoe_arrival_reflecting_pool, layout_basic, serial_shops,
          nicolae_shop_dealshenge
D:2:      layout_basic, shapermc_ecumenical_altar_petra, minmay_tall_x

Skill      XL: |  1  2  3 |
---------------+----------+-----
Fighting       | 1 |  1.6
Dodging        | 2 |  2.2
Stealth        | 4 |  4.3
Spellcasting   | |  2.6
Necromancy     | |  4.0

Action                     |  1- 3 |  4- 6 || total
---------------------------+-------+-------++-------
  Melee: Unarmed           |    12 |       ||    12
         Dagger            |    24 |     2 ||    26
   Cast: Necrotise         |    52 |    11 ||    63
Ability: Spit Poison       |     7 |     2 ||     9
    Use: Potion            |       |     1 ||     1
 Armour: Robe              |    44 |    12 ||    56
  Dodge: Dodged            |    28 |     4 ||    32

Table legend: (Time is in decaauts)
 A = Elapsed time spent in this place.
 B = Non-inter-level travel time spent in this place.
 C = Inter-level travel time spent in this place.
 D = Time resting spent in this place.
 E = Time spent auto-exploring this place.
 F = Levels seen in this place.
 G = Mean time per level.
                   A        B        C        D        E       F      G
               +--------+--------+--------+--------+--------+-----+--------+
         Total |   1648 |   1500 |    148 |    120 |   1138 |   2 |  824.0 |
       Dungeon |   1648 |   1500 |    148 |    120 |   1138 |   2 |  824.0 |
               +--------+--------+--------+--------+--------+-----+--------+

Top non-repeatable levels by time:
     D:1: 1394 daAuts
     D:2: 253 daAuts
